 Dungeon Crawl Stone Soup version 0.25.0-11-g1f837a76a1 (webtiles) character file.

Game seed: 15531491129853735197

833787 Froggeryz the Middleweight Champion (level 27, -7/211 HPs)
             Began as a Gargoyle Gladiator on June 27, 2020.
             Was the Champion of Qazlal.
             Killed from afar by an ancient champion (51 damage)
             ... with an iron shot
             ... led by an iron giant
             ... on level 7 of the Iron City of Dis.
             The game lasted 03:16:58 (74524 turns).

Froggeryz the Middleweight Champion (GrGl)         Turns: 74524, Time: 03:16:59

Health: -7/211     AC: 57    Str: 23    XL:     27
Magic:  32/42      EV:  6    Int: 20    God:    Qazlal [******]
Gold:   5143       SH: 26    Dex:  7    Spells: 44/56 levels left

rFire    + + .     SeeInvis .     - Unarmed
rCold    + + +     Gourm    .   c - +0 kite shield {rC+}
rNeg     + . .     Faith    .   U - +7 plate armour of the Armoured One {+Blink rC+ rCorr}
rPois    ∞         Spirit   .   Z - +0 helmet "Zasutta" {rElec rPois Regen+ Int+2}
rElec    +         Reflect  .   F - +1 cloak "Ysakkido" {+Blink Regen+ Str+4 Int-3}
rCorr    +         Harm     .   e - +1 pair of gloves of Foolhardiness {+Fly Int+4}
MR       +++..                  N - +2 pair of boots {run}
Stlth    ..........             x - amulet of Vitality {Regen+ HP+15}
HPRegen  0.00/turn              D - ring of protection from magic
MPRegen  0.28/turn              P - ring of Oghaydir {+Fly rF++ rC+}

@: flying, constricted, repel missiles, quick
A: big wings, slimy green scales 1, blurry vision 2, clumsy 2, deterioration 1,
negative energy resistance 1, electricity resistance, inhibited regeneration,
weak 2, unbreathing, petrification resistance, rot immunity, AC +20
}: 4/15 runes: decaying, serpentine, silver, abyssal
a: Stop Flying, Upheaval, Elemental Force, Disaster Area, Renounce Religion,
Evoke Blink


You were on level 7 of the Iron City of Dis.
You worshipped Qazlal.
Qazlal was exalted by your worship.
You were full.

You visited 12 branches of the dungeon, and saw 58 of its levels.
You visited the Abyss 6 times.
You also visited: Trove, Gauntlet, Ice Cave and Wizlab.

You collected 7379 gold pieces.
You spent 2236 gold pieces at shops.

Inventory:

Hand Weapons
 z - the +9 staff of Wucad Mu {channel}
   (You found it in a wizard's laboratory)
 J - a +9 vorpal executioner's axe
Missiles
 r - 27 silver javelins (quivered)
Armour
 c - a +0 kite shield of cold resistance (worn)
 e - the +1 pair of gloves of Foolhardiness (worn) {+Fly Int+4}
   (You found it on level 5 of the Vaults)

   It affects your intelligence (+4).
   It lets you fly.
 o - a +0 helmet of intelligence
 q - a +2 tower shield of protection
 F - the +1 cloak "Ysakkido" (worn) {+Blink Regen+ Str+4 Int-3}
   (You found it in a Gauntlet)

   It affects your strength (+4).
   It affects your intelligence (-3).
   It lets you blink.
   It increases your rate of regeneration.
 N - a +2 pair of boots of running (worn)
 U - the +7 plate armour of the Armoured One (worn) {+Blink rC+ rCorr}
   (Okawaru gifted it to you on level 6 of the Lair of Beasts)

   It protects you from cold.
   It lets you blink.
   It provides partial protection from all sources of acid and corrosion.
 Z - the +0 helmet "Zasutta" (worn) {rElec rPois Regen+ Int+2}
   (You found it on level 15 of the Dungeon)

   It affects your intelligence (+2).
   It insulates you from electricity.
   It protects you from poison.
   It increases your rate of regeneration.
Jewellery
 s - an uncursed amulet of reflection
 x - the amulet of Vitality (around neck) {Regen+ HP+15}
   (You found it on level 6 of the Lair of Beasts)

   [amulet of regeneration]

   It affects your health (+15).
   It increases your rate of regeneration.
 D - a ring of protection from magic (left hand)
 K - the ring "Yddov" {rC+ Stlth+}
   (You found it in a treasure trove)

   [ring of protection from cold]

   It protects you from cold.
   It makes you more stealthy.
 P - the ring of Oghaydir (right hand) {+Fly rF++ rC+}
   (You found it on level 11 of the Dungeon)

   [ring of flight]

   It greatly protects you from fire.
   It protects you from cold.
   It lets you fly.
 Q - the amulet "Xolor" {rPois rF+ Regen+ Stlth+}
   (You found it on level 2 of the Swamp)

   [amulet of regeneration]

   It protects you from fire.
   It protects you from poison.
   It increases your rate of regeneration.
   It makes you more stealthy.
 S - the ring of Paocuun {Wiz rC+}
   (You found it on level 15 of the Dungeon)

   [ring of wizardry]

   It improves your spell success rate.
   It protects you from cold.
 W - the amulet "Beteggad" {Acrobat Slay+6}
   (You found it in a treasure trove)

   [amulet of the acrobat]

   It helps you evade while moving and waiting.
   It affects your accuracy and damage with ranged weapons and melee attacks
   (+6).
Wands
 a - a wand of digging (12)
 t - a wand of iceblast (103)
 B - a wand of flame (87)
 C - a wand of disintegration (21)
 H - a wand of clouds (14)
 V - a wand of paralysis (34)
 Y - a wand of acid (16)
Scrolls
 f - a scroll of summoning
 g - 12 scrolls of enchant armour
 i - 21 scrolls of remove curse
 j - a scroll of silence
 k - 13 scrolls of blinking
 l - 3 scrolls of noise
 v - 6 scrolls of fog
 w - 10 scrolls of fear
 y - 5 scrolls of immolation
 G - 5 scrolls of identify
 I - 2 scrolls of magic mapping
 L - 22 scrolls of teleportation
 T - a scroll of holy word
Potions
 b - 7 potions of cancellation
 h - 26 potions of curing
 m - 4 potions of berserk rage
 n - 3 potions of heal wounds
 u - 7 potions of ambrosia
 A - 2 potions of haste
 E - 10 potions of might
 O - 2 potions of resistance
 X - 4 potions of mutation
Miscellaneous
 p - the horn of Geryon
 M - 4 phantom mirrors
Comestibles
 d - 63 rations


   Skills:
 - Level 26.3 Fighting
 - Level 8.1 Throwing
 - Level 15.3 Armour
 - Level 5.3 Dodging
 + Level 26.4 Shields
 O Level 27 Unarmed Combat
 - Level 15.1 Spellcasting
 - Level 9.0 Summonings
 - Level 12.9 Necromancy
 - Level 15.2 Translocations
 - Level 17.0 Invocations
 - Level 7.0 Evocations


You had 44 spell levels left.
You knew the following spells:

 Your Spells              Type           Power        Failure   Level  Hunger
a - Blink                 Tloc           N/A          1%          2    None
b - Lesser Beckoning      Tloc           ######....   1%          3    None
c - Animate Skeleton      Necr           N/A          1%          1    None
d - Apportation           Tloc           ######       1%          1    None
e - Aura of Abjuration    Summ           ######....   24%         5    ###....

Your spell library contained the following spells:

 Spells                   Type           Power        Failure   Level  Hunger
 Pain                     Necr           ####         1%          1    None
 Summon Butterflies       Summ           ######..     1%          1    None
 Summon Small Mammal      Summ           ####         1%          1    None
 Call Imp                 Summ           ######..     1%          2    None
 Gell's Gravitas          Tloc           ######....   1%          3    None
 Teleport Other           Tloc           ######..     1%          3    None
 Vampiric Draining        Necr           ######....   1%          3    None
 Animate Dead             Necr           N/A          1%          4    None
 Passage of Golubria      Tloc           N/A          1%          4    None
 Shroud of Golubria       Chrm/Tloc      #####.       2%          2    None
 Call Canine Familiar     Summ           ######..     2%          3    None
 Portal Projectile        Hex/Tloc       #####.       4%          3    None
 Agony                    Necr           ######..     4%          5    ###....
 Summon Guardian Golem    Hex/Summ       ####....     16%         3    None
 Beastly Appendage        Tmut           ###...       34%         1    None
 Corona                   Hex            ###....      34%         1    None
 Freeze                   Ice            ###.         34%         1    None
 Infusion                 Chrm           ###.         34%         1    None
 Magic Dart               Conj           ###.         34%         1    None
 Sandblast                Erth           ###...       34%         1    None
 Sting                    Tmut/Pois      ###.         34%         1    None
 Passwall                 Tmut/Erth      ###.....     45%         2    None
 Poisonous Vapours        Pois/Air       ###...       45%         2    None
 Slow                     Hex            ###.....     45%         2    None
 Sticks to Snakes         Tmut           ###.....     45%         2    None
 Swiftness                Chrm/Air       ###.....     45%         2    None
 Summon Ice Beast         Ice/Summ       ####....     47%         4    None
 Summon Lightning Spire   Summ/Air       ####....     47%         4    None
 Confusing Touch          Hex            ###.....     71%         3    None
 Conjure Flame            Conj/Fire      ###.....     71%         3    None
 Frozen Ramparts          Ice            ###...       71%         3    None
 Ignite Poison            Fire/Tmut/Pois ###.....     71%         3    None
 Inner Flame              Hex/Fire       ###.....     71%         3    None
 Mephitic Cloud           Conj/Pois/Air  ###.....     71%         3    None
 Ozocubu's Armour         Chrm/Ice       ###.....     71%         3    None
 Stone Arrow              Conj/Erth      ###...       71%         3    None
 Summon Mana Viper        Hex/Summ       ####....     83%         5    ###....
 Malign Gateway           Summ/Tloc      ######....   89%         7    ######.
 Cause Fear               Hex            ###.......   98%         4    None
 Hailstorm                Conj/Ice       ###.....     98%         4    None
 Leda's Liquefaction      Hex/Erth       ###.......   98%         4    None
 Olgreb's Toxic Radiance  Pois           ###.....     98%         4    None
 Petrify                  Tmut/Erth      ###.....     98%         4    None
 Disjunction              Tloc           ######....   99%         8    #######
 Alistair's Intoxication  Tmut/Pois      ###.....     100%        5    ###....
 Irradiate                Conj/Tmut      ###.......   100%        5    ###....
 Lee's Rapid Deconstruct  Erth           ###.......   100%        5    ###....
 Metabolic Englaciation   Hex/Ice        ###.......   100%        5    ###....
 Silence                  Hex/Air        ###.......   100%        5    ###....
 Yara's Violent Unravell  Hex/Tmut       ###.......   100%        5    ###....
 Conjure Ball Lightning   Conj/Air       ###.......   100%        6    #####..
 Darkness                 Hex            ###.......   100%        6    #####..
 Eringya's Noxious Bog    Tmut/Pois      ###.......   100%        6    #####..
 Freezing Cloud           Conj/Ice/Air   ###.......   100%        6    #####..
 Invisibility             Hex            ###.....     100%        6    #####..
 Dragon Form              Tmut           ###.......   100%        7    ######.
 Monstrous Menagerie      Summ           ######....   100%        7    ######.
 Ring of Flames           Chrm/Fire      ###.......   100%        7    ######.
 Summon Greater Demon     Summ           ######....   100%        7    ######.
 Summon Hydra             Summ           ######....   100%        7    ######.
 Discord                  Hex            ###.......   100%        8    #######
 Summon Horrible Things   Summ           ######....   100%        8    #######
 Tornado                  Air            ###.......   100%        9    #######
 Sublimation of Blood     Necr           Unusable     N/A         2    N/A
 Statue Form              Tmut/Erth      Unusable     N/A         6    N/A

Dungeon Overview and Level Annotations

Branches:
Dungeon (15/15)            Temple (1/1) D:4            Lair (6/6) D:10
  Swamp (4/4) Lair:3        Snake (4/4) Lair:2        Slime (0/5) Lair:5
    Orc (2/2) D:12            Elf (3/3) Orc:2        Vaults (5/5) D:14
  Crypt (0/3) Vaults:3     Depths (5/5) D:15           Hell (visited)
    Dis (7/7) Hell            Geh (0/7) Hell            Coc (0/7) Hell
    Tar (0/7) Hell            Zot (5/5) Depths:5      IceCv (visited)
 WizLab (visited)         Gauntlet (visited)

Altars:
Ashenzari
Cheibriados
Dithmenos
Elyvilon
Fedhas
Gozag
Hepliaklqana
Kikubaaqudgha
Makhleb
Nemelex Xobeh
Okawaru
Qazlal
Ru
Sif Muna
Trog
Uskayaw
Vehumet
Wu Jian
Xom
Yredelemnul
Zin
The Shining One
Beogh
Lugonu

Shops:
D:8 }%?:   D:15 [   Orc:2 =([*   Elf:1 (   Elf:2 }   Elf:3 [   Vaults:5 =
Depths:1 *   Depths:4 (==}

Portals:
Hell: Depths:1 Depths:2 Depths:3 Depths:4 Depths:5
Abyss: D:6 Lair:4 Depths:1 Depths:2 Depths:4
Pandemonium: Depths:3 Depths:4
Ziggurat: Depths:4


Innate Abilities, Weirdness & Mutations

You are resistant to torment.
Your stone body is resilient. (AC +20)
You are immune to poison.
Your large and strong wings let you fly indefinitely.
You resist negative energy. (rN+)
You are resistant to electric shocks. (rElec)
You can survive without breathing.
You are immune to petrification.
You are immune to rotting.
You are partially covered in slimy green scales. (AC +2)
Scrolls take you longer to read.
You are very clumsy. (Dex -4)
Your body sometimes deteriorates upon taking damage.
You do not regenerate when monsters are visible.
You are very weak. (Str -4)


Message History

The Hell Sentinel is almost dead.
You block the Hell Sentinel's attack.
The Hell Sentinel hits you but does no damage.
You block the naga zombie's attack. The naga zombie grabs you.
The naga zombie constricts you. You block the iron imp's attack.
The ancient champion mumbles some strange words.
The ancient champion seems to speed up.
You pummel the Hell Sentinel!!
You kill the Hell Sentinel!
Qazlal accepts your kill.
You feel your intelligence returning.
Casting: Lesser Beckoning (safe; 1% risk of failure)
Confirm with . or Enter, or press ? or * to list all spells.
Aiming: Lesser Beckoning (safe; 1% risk of failure)
Press: ? - help, Shift-Dir - straight line, f - ancient champion
Aim: an ancient champion, wielding a +1 battleaxe and wearing a +0 plate armour (freezing vapour, fast)
The ancient champion hurls suddenly forward!
The ancient champion gestures at you while chanting.
The iron shot hits you!!!
You die...

***********************
*,,,,,,,,,,,,,,,,,,,,,,
*,,,,,,,,,,,,,,,,,,,,,,
*,,,,,,,,,,,,,,,,,,,,,.
*,,,,,,,,,,,,,,,,,,,,,.
*,,,##############,,,,.
*,,,#5☼°..§.§....#,,,,.
*,,,#Z@......≈...#,,,,.
*,**#z#########..#####.
*,#..°..1.5..,#....#.'.
*,#.....2....,#....#.'.
*,#≈.#######.,###....#.
*,#.≈*,,,,,*,,,,#....#.
*,#..*,,,,,*,,,,#....#.
*,#..*,,,,,+,,,,#....#.
*,#..*,,,,,*,,,,#....#.


You could see an ancient champion (fast), an iron imp and a naga zombie.

Vanquished Creatures
  Mara (Snake:3)
  5 orbs of fire
  2 ancient liches
  Margery (Vaults:2)
  Vashnia (Snake:2)
  Bai Suzhen (Swamp:2)
  7 Killer Klowns (Zot:5)
  Xtahua (Vaults:5)
  Saint Roka (Vaults:3)
  5 curse toes
  Geryon (Hell)
  8 golden dragons
  A profane servitor (Abyss:5)
  Nikola (Swamp:3)
  the Enchantress (Depths:2)
  12 bone dragons
  A Brimstone Fiend (Dis:7)
  3 Tzitzimimeh (Dis:7)
  4 electric golems
  10 iron giants
  An Ice Fiend (Dis:7)
  12 liches
  7 Hell Sentinels
  7 deep elf blademasters
  12 titans
  25 Orb Guardians
  9 deep elf master archers
  Asterion (Vaults:3)
  18 tentacled monstrosities
  5 quicksilver dragons
  18 ancient champions
  5 sphinxes
  An Executioner (Abyss:3)
  The ghost of Vijyl the Bludgeoner, an adept HuBe of Trog (D:15)
  6 death cobs
  Gastronok (D:8)
  9 tengu reavers
  3 thorn hunters
  10 storm dragons
  12 shadow dragons
  10 nagarajas
  38 tentacled starspawn
  Roxanne (Snake:4)
  The ghost of Lyniq the Alchemist, a journeyman DrTm of Wu Jian (D:15)
  3 draconian monks
  8 draconian scorchers
  21 frost giants
  2 daevas
  11 vault wardens
  2 orc warlords
  4 balrugs
  3 draconian knights
  7 iron dragons
  5 ghost moths
  21 fire giants
  Aizul (Swamp:3)
  The ghost of DungeonDestroyer the Blocker, an adept GnFi of Xom (D:15)
  10 deep elf sorcerers
  3 draconian annihilators
  8 cacodemons
  3 angels
  Louise (Swamp:3)
  3 spriggan defenders (Depths:2)
  12 draconian stormcallers
  6 draconian shifters
  23 reapers
  12 ironheart preservers
  35 stone giants
  42 very ugly things
  5 deep elf elementalists
  3 war gargoyles
  20 green draconians
  2 vampire knights
  114 starcursed masses
  5 black draconians
  2 lorocyprocas
  3 entropy weavers
  6 deep elf demonologists
  The ghost of Odimp the Protected, a journeyman KoWn of Wu Jian (Lair:4)
  11 white draconians
  A minotaur (Gauntlet)
  5 yellow draconians
  An orange crystal statue (WizLab)
  5 purple draconians
  8 red draconians
  8 deep elf annihilators
  4 spark wasps (Depths:5)
  4 eidola
  3 blizzard demons
  4 quicksilver dragon zombies
  9 ettins
  5 deep elf death magi
  4 green deaths
  Josephine (D:14)
  6 fire dragons
  12 great orbs of eyes
  28 yaktaur captains
  4 deep elf high priests
  3 jiangshi (Abyss:3)
  A monstrous demonspawn (Depths:4)
  30 hydras
  21 naga warriors
  12 rakshasas
  3 spriggan air magi
  32 vault guards
  3 shambling mangroves
  A catoblepas (Lair:6)
  12 ice dragons
  3 ghost crabs
  7 anacondas
  24 two-headed ogres
  Erica (D:8)
  An alligator (shapeshifter) (Vaults:5)
  11 centaur warriors
  28 dancing weapons
  A death knight (Abyss:2)
  11 ogre magi
  2 titan zombies
  10 alligators
  4 vampire magi
  11 tengu warriors
  3 spriggan berserkers
  Urug (D:11)
  5 death yaks
  12 hell hogs
  39 thrashing horrors
  8 deep troll earth magi
  2 iron golems (Depths:1)
  6 naga sharpshooters
  12 deep troll shamans
  17 hell knights
  6 shock serpents
  4 orc high priests
  3 storm dragon zombies
  Nergalle (D:11)
  5 sun demons
  3 salamander mystics
  A fire crab (Gauntlet)
  5 soul eaters
  21 deep elf knights
  38 wretched stars
  2 titan skeletons
  A fire crab (shapeshifter) (D:13)
  7 sixfirhies
  56 skeletal warriors
  18 iron trolls
  A ghost moth zombie (Dis:4)
  3 death drakes
  A shadow demon (Depths:4)
  A storm dragon skeleton (Abyss:3)
  A sea snake (shapeshifter) (Vaults:4)
  5 shadow wraiths
  3 spriggan druids
  27 deep trolls
  3 golden dragon zombies
  An unseen horror (shapeshifter) (Vaults:3)
  6 unseen horrors
  5 anaconda zombies
  6 spatial maelstroms
  A death drake (shapeshifter) (D:15)
  9 glowing orange brains
  7 swamp dragons
  A gelid demonspawn (Depths:4)
  2 flayed ghosts
  A lindwurm (shapeshifter) (Depths:5)
  6 wizards
  Pikel (D:4)
  An anaconda skeleton (Hell)
  20 orc knights
  A shadow dragon zombie (Dis:2)
  29 deep elf archers
  73 deep elf magi
  20 ironbrand convokers
  A wolf spider zombie (Dis:4)
  A sphinx zombie (Vaults:4)
  4 spectral hydras (Swamp:2)
  11 phantasmal warriors
  5 wolf spiders
  3 naga ritualists (Snake:4)
  7 cyclopes
  An orb spider (shapeshifter) (Vaults:1)
  2 tengu skeletons
  10 necromancers
  17 salamanders
  5 mana vipers
  4 stone giant zombies
  A cyclops (shapeshifter) (Vaults:5)
  6 orc sorcerers
  A shining eye (Abyss:1)
  27 ugly things
  2 manticores (D:11)
  The ghost of kalagan the Skirmisher, a novice GrFi of the Shining One (D:6)
  11 worldbinders
  A shadow dragon skeleton (Dis:7)
  35 black mambas
  A dire elephant zombie (Dis:4)
  A frost giant skeleton (Vaults:2)
  A human skeleton (Vaults:4)
  12 moths of wrath
  2 fire giant skeletons
  A toenail golem (D:6)
  2 salamanders (shapeshifter)
  6 elephants
  A stone giant skeleton (Vaults:4)
  An eye of devastation (Lair:5)
  5 guardian serpents
  35 smoke demons
  24 rust devils
  A molten gargoyle (Hell)
  17 apocalypse crabs
  35 naga magi
  17 vault sentinels
  2 ice statues
  2 gargoyles
  3 catoblepas zombies
  8 hellions
  A spiny frog (shapeshifter) (Vaults:1)
  15 orange demons
  21 spiny frogs
  A rime drake (shapeshifter) (Vaults:2)
  A yaktaur (shapeshifter) (Vaults:5)
  A komodo dragon (shapeshifter) (Vaults:1)
  8 efreet
  4 swamp worm zombies (Swamp:2)
  2 yaktaur zombies (Vaults:4)
  4 tengu conjurers
  3 rime drakes
  5 komodo dragons
  9 freezing wraiths
  55 yaktaurs
  A guardian mummy (Vaults:4)
  3 kobold demonologists
  3 hellwings (Abyss:3)
  An anaconda simulacrum (Hell)
  14 tormentors
  4 red devils
  5 demonic crawlers
  2 harpy zombies (Dis:7)
  8 ice devils
  2 hydra zombies
  A silent spectre (Abyss:4)
  20 hornets
  A polar bear (shapeshifter) (Depths:3)
  A queen bee (Abyss:3)
  6 tyrant leeches
  29 ancient zymes
  2 harpy skeletons
  A hydra skeleton (Dis:6)
  4 meliai (Abyss:3)
  20 polar bears
  3 ettin zombies
  A jumping spider (shapeshifter) (Depths:3)
  2 hornets (shapeshifter)
  16 trolls
  A wind drake (shapeshifter) (Abyss:2)
  70 raiju
  A hippogriff (shapeshifter) (Vaults:3)
  A human simulacrum (Vaults:4)
  12 dream sheep (Lair:6)
  34 slime creatures
  2 fire dragon zombies (Dis:7)
  2 ice dragon zombies
  28 blink frogs
  3 alligator zombies
  17 bog bodies
  A dream sheep (shapeshifter) (Abyss:5)
  A stone giant simulacrum (Abyss:1)
  7 hippogriffs
  An ettin skeleton (Vaults:4)
  2 spectral swamp dragons (Swamp:2)
  3 black mamba zombies
  2 shock serpent simulacra
  26 flying skulls
  20 spriggans
  3 centaur simulacra (Gauntlet)
  3 redbacks (Vaults:4)
  An air elemental (Elf:1)
  A redback (shapeshifter) (Elf:1)
  37 yaks
  An ice dragon skeleton (Abyss:1)
  20 ynoxinuls
  12 water elementals
  A yak (shapeshifter) (Vaults:1)
  21 wraiths
  5 shadows
  2 tyrant leech zombies (Swamp:2)
  A vampire (D:15)
  4 wyverns
  10 fire elementals
  7 fire bats
  A human (shapeshifter) (Depths:2)
  2 hungry ghosts (D:14)
  A steam dragon (D:14)
  25 neqoxecs
  A steam dragon (shapeshifter) (Depths:3)
  7 golden eyes (Abyss:3)
  19 vampire mosquitoes
  92 large abominations
  2 basilisks
  19 chaos spawn
  19 swamp worms
  76 nagas
  17 insubstantial wisps
  4 spatial vortices
  4 wargs
  18 water moccasins
  A hydra simulacrum (Hell)
  6 acid dragons
  8 spiny frog zombies
  A deep troll skeleton (Vaults:4)
  2 floating eyes
  8 porcupines
  18 hell hounds
  15 swamp drakes
  A hornet zombie (D:11)
  A sky beast (shapeshifter) (Depths:2)
  A slave (D:4)
  2 black bears
  41 orc warriors
  A snapping turtle zombie (Dis:7)
  A spiny frog skeleton (Hell)
  2 eyes of draining (shapeshifter)
  3 ice beasts
  3 sky beasts
  A black bear (shapeshifter) (Vaults:4)
  A necrophage (D:5)
  12 boggarts
  2 human zombies (Vaults:2)
  32 ogres
  4 phantoms
  6 eyes of draining
  17 wolves
  18 centaurs
  9 crocodiles
  7 big kobolds
  17 bullfrogs
  A big kobold (shapeshifter) (Depths:3)
  A gnoll sergeant (D:8)
  75 small abominations
  4 earth elementals
  2 spiny frog simulacra (Gauntlet)
  2 scorpions
  2 spriggan zombies (Swamp:2)
  5 troll zombies
  24 killer bees
  24 wights
  9 electric eels
  2 crimson imps
  6 quasits
  14 howler monkeys
  3 centaur zombies
  4 bullfrog zombies
  11 hounds
  7 jellies
  4 centaur skeletons
  15 orc priests
  3 bullfrog skeletons
  18 orc wizards
  24 iron imps
  A gnoll shaman (D:6)
  6 iguanas
  13 worker ants
  2 bullfrog simulacra (Gauntlet)
  A hound zombie (D:6)
  A howler monkey zombie (D:11)
  2 mummies
  8 gnolls
  20 adders
  9 shadow imps
  22 white imps
  6 ufetubi
  6 oozes
  2 adder zombies
  5 worms
  3 dart slugs
  5 leopard geckos
  70 orcs
  3 bats
  A giant cockroach (D:3)
  13 goblins
  12 hobgoblins
  2 jackals (D:8)
  37 kobolds
  5 quokkas
  2 ball pythons
  6 frilled lizards
  A leopard gecko skeleton (D:4)
  12 rats
  3 briar patches
  5 crawling corpses (Elf:3)
  5 lurking horrors
  38 starspawn tentacles
  A withered plant (Swamp:2)
3666 creatures vanquished.

Vanquished Creatures (others)
  A draconian annihilator (Zot:5)
  A thrashing horror (Abyss:3)
  A shadow wraith (Vaults:3)
  An ugly thing (Swamp:4)
  A tyrant leech (Swamp:3)
  A ynoxinul (Abyss:4)
  A fire elemental (Hell)
  A vampire mosquito (Swamp:3)
  A swamp worm (Swamp:3)
  A naga (Snake:4)
  A warg (Vaults:5)
  2 small abominations
  A swamp drake (Swamp:2)
  An ogre (D:5)
  A starcursed mass (Abyss:5)
  2 quasits
  A jelly (Abyss:3)
  An iron imp (Dis:7)
  An ufetubus (Abyss:3)
  4 briar patches
  2 bushes (Lair:6)
  25 fungi
  6 lurking horrors
  23 plants
  82 starspawn tentacles
  A withered plant (Gauntlet)
164 creatures vanquished.

Grand Total: 3830 creatures vanquished

Notes
Turn   | Place    | Note
-------+----------+-------------------------------------------
     0 | D:1      | Froggeryz the Gargoyle Gladiator began the quest for the
                  | Orb.
     0 | D:1      | Reached XP level 1. HP: 12/12 MP: 1/1
   210 | D:1      | Reached XP level 2. HP: 13/17 MP: 2/2
   463 | D:1      | You fall into a shaft and drop 1 floor!
   472 | D:2      | Noticed a scorpion
   637 | D:2      | Killed a scorpion
   637 | D:2      | Reached skill level 4 in Unarmed Combat
   637 | D:2      | Reached XP level 3. HP: 8/21 MP: 3/3
   637 | D:2      | Reached XP level 4. HP: 10/26 MP: 4/4
  1116 | D:1      | Reached skill level 5 in Unarmed Combat
  1481 | D:2      | Reached XP level 5. HP: 10/30 MP: 5/5
  2606 | D:3      | Reached skill level 6 in Unarmed Combat
  3184 | D:3      | Reached skill level 1 in Armour
  3347 | D:4      | Noticed a moth of wrath
  3350 | D:4      | Found a bloodstained altar of Trog.
  3389 | D:4      | Reached XP level 6. HP: 23/35 MP: 6/6
  3557 | D:4      | Found a staircase to the Ecumenical Temple.
  3667 | Temple   | Entered the Ecumenical Temple
  3857 | Temple   | Became a worshipper of Warmaster Okawaru
  4488 | D:5      | Entered Level 5 of the Dungeon
  4621 | D:5      | Reached * piety under Okawaru
  4621 | D:5      | Reached skill level 7 in Unarmed Combat
  4621 | D:5      | Reached XP level 7. HP: 39/40 MP: 7/7
  4676 | D:5      | Noticed Pikel
  4728 | D:5      | Paralysed by Pikel for 7 turns
  4749 | D:4      | Killed Pikel
  4749 | D:4      | Reached ** piety under Okawaru
  4749 | D:4      | Reached skill level 8 in Unarmed Combat
  4749 | D:4      | Reached XP level 8. HP: 21/44 MP: 8/8
  5408 | D:5      | Reached skill level 5 in Armour
  5626 | D:6      | Reached skill level 9 in Unarmed Combat
  5643 | D:6      | Reached skill level 1 in Shields
  5841 | D:6      | Found a transporter.
  5964 | D:6      | Noticed a soul eater
  5967 | D:6      | Noticed kalagan's ghost (novice GrFi)
  5973 | D:6      | Identified the cursed +1 long sword "Concordance" {distort,
                  | rElec rN+}
  5986 | D:6      | Noticed a toenail golem
  5986 | D:6      | Noticed a rakshasa
  5996 | D:6      | Found a transporter.
  6010 | D:6      | Found a one-way gate to the infinite horrors of the Abyss.
  6140 | D:6      | Identified the Handbook of Dislocation
  6556 | D:6      | Reached skill level 10 in Unarmed Combat
  6556 | D:6      | Reached XP level 9. HP: 12/48 MP: 9/9
  6824 | D:7      | Reached *** piety under Okawaru
  6917 | D:7      | Found a white marble altar of Elyvilon.
  7018 | D:7      | Noticed a cyclops
  7025 | D:7      | Killed a cyclops
  7386 | D:7      | Reached skill level 11 in Unarmed Combat
  7404 | D:7      | Reached skill level 5 in Shields
  7886 | D:8      | Reached **** piety under Okawaru
  8397 | D:7      | Reached XP level 10. HP: 40/54 MP: 10/10
  8506 | D:8      | Found Tuacsyza's Gadget Emporium.
  8555 | D:8      | Found a radiant altar of Vehumet.
  8579 | D:8      | Found a glowing golden altar of the Shining One.
  8582 | D:8      | Noticed Gastronok
  8598 | D:8      | Killed Gastronok
  8598 | D:8      | Reached ***** piety under Okawaru
  8598 | D:8      | Reached skill level 12 in Unarmed Combat
  8807 | D:8      | Found Paro Foen's Food Boutique.
  8928 | D:8      | Received a gift from Okawaru
  9164 | D:8      | Noticed Erica
  9188 | D:8      | Killed Erica
  9188 | D:8      | Reached skill level 5 in Fighting
  9188 | D:8      | Reached skill level 13 in Unarmed Combat
  9212 | D:8      | Found Enuilon's Magic Scroll Shop.
  9216 | D:8      | Found Ikac's Book Emporium.
  9222 | D:8      | Bought a scroll of teleportation for 36 gold pieces
  9406 | D:9      | Received a gift from Okawaru
  9520 | D:9      | Found a hazy altar of Hepliaklqana.
  9522 | D:9      | Found a bloodstained altar of Trog.
  9527 | D:9      | Found an ancient bone altar of Kikubaaqudgha.
  9638 | D:9      | Reached XP level 11. HP: 62/64 MP: 11/11
  9909 | D:10     | Entered Level 10 of the Dungeon
 10505 | D:10     | Found a staircase to the Lair.
 10545 | D:10     | Reached skill level 14 in Unarmed Combat
 10705 | D:10     | Noticed a two-headed ogre
 10721 | D:10     | Killed a two-headed ogre
 11154 | Lair:1   | Entered Level 1 of the Lair of Beasts
 12266 | Lair:2   | Received a gift from Okawaru
 12468 | Lair:2   | Found a staircase to the Snake Pit.
 12626 | Lair:2   | Reached skill level 15 in Unarmed Combat
 12797 | Lair:2   | Reached XP level 12. HP: 75/75 MP: 12/12
 13139 | Snake:1  | Entered Level 1 of the Snake Pit
 13176 | Lair:2   | Reached ****** piety under Okawaru
 13176 | Lair:2   | Received a gift from Okawaru
 13991 | Lair:3   | Found a staircase to the Swamp.
 14214 | Lair:3   | Reached skill level 16 in Unarmed Combat
 14757 | Lair:4   | Noticed a seven-headed hydra
 14766 | Lair:4   | Killed a seven-headed hydra
 14766 | Lair:4   | Reached skill level 10 in Fighting
 15114 | Lair:4   | Found a transporter.
 15214 | Lair:4   | Found a transporter.
 15226 | Lair:4   | Found a hide-covered altar of Uskayaw.
 15624 | Lair:4   | Received a gift from Okawaru
 15767 | Lair:4   | Identified the +6 spear of Internal Strife {distort, rElec
                  | rC+ Int+5}
 15767 | Lair:4   | Noticed a spriggan rider
 15795 | Lair:4   | Noticed Odimp's ghost (journeyman KoWn)
 15888 | Lair:5   | Found a staircase to the Slime Pits.
 16196 | Lair:5   | Noticed a five-headed hydra
 16199 | Lair:5   | Killed a five-headed hydra
 16199 | Lair:5   | Received a gift from Okawaru
 16306 | Lair:5   | Reached XP level 13. HP: 84/84 MP: 13/13
 16520 | Lair:5   | Reached skill level 17 in Unarmed Combat
 17042 | Lair:6   | Entered Level 6 of the Lair of Beasts
 17055 | Lair:5   | Reached skill level 1 in Invocations
 17548 | Lair:5   | Received a gift from Okawaru
 17751 | Lair:5   | Reached skill level 5 in Invocations
 18488 | Lair:6   | Received a gift from Okawaru
 18489 | Lair:6   | Got a bronze plate armour {god gift}
 18502 | Lair:6   | Identified the +7 plate armour of the Armoured One {+Blink
                  | rC+ rCorr} (Okawaru gifted it to you on level 6 of the Lair
                  | of Beasts)
 18801 | Lair:6   | Found an opulent altar of Gozag.
 18927 | Lair:6   | Reached skill level 1 in Evocations
 19213 | Lair:6   | Gained mutation: Your large and strong wings let you fly
                  | indefinitely. [Gargoyle growth]
 19213 | Lair:6   | Reached XP level 14. HP: 56/90 MP: 20/20
 19523 | Lair:6   | Found the amulet of Vitality {Regen+ HP+15}
 19867 | D:11     | Received a gift from Okawaru
 19872 | D:11     | Noticed a frost giant
 19885 | D:11     | Killed a frost giant
 19901 | D:11     | Reached skill level 5 in Evocations
 19934 | D:11     | Got a slimy platinum ring
 19981 | D:11     | Noticed Nergalle
 19998 | D:11     | Killed Nergalle
 20060 | D:11     | Found a frozen archway.
 20092 | IceCv    | Entered an ice cave
 20399 | IceCv    | Identified the ring of Oghaydir {+Fly rF++ rC+} (You found
                  | it on level 11 of the Dungeon)
 20763 | IceCv    | Noticed a frost giant
 20781 | IceCv    | Killed a frost giant
 20973 | IceCv    | Reached skill level 18 in Unarmed Combat
 21387 | D:11     | Received a gift from Okawaru
 21391 | D:11     | Noticed Urug
 21406 | D:11     | Killed Urug
 22021 | D:11     | Learned a level 2 spell: Blink
 22183 | D:12     | Found a staircase to the Orcish Mines.
 22520 | D:12     | Found a stormy altar of Qazlal.
 22933 | Orc:1    | Entered Level 1 of the Orcish Mines
 23346 | Orc:2    | Entered Level 2 of the Orcish Mines
 23387 | Orc:2    | Reached XP level 15. HP: 78/94 MP: 21/21
 23526 | Orc:2    | Found Kyisunlyho's General Store.
 23777 | Orc:2    | Found Maucred's Antique Armour Shoppe.
 23800 | Orc:2    | Noticed an orc warlord
 23843 | Orc:1    | Killed an orc warlord
 23949 | Orc:2    | Found Osijid's Antique Weapon Boutique.
 24002 | Orc:2    | Found a staircase to the Elven Halls.
 24014 | Orc:2    | Found a roughly hewn altar of Beogh.
 24052 | Orc:2    | Found Ycipsat's Jewellery Shop.
 24060 | Orc:2    | Bought a cursed ring of attention for 54 gold pieces
 24772 | D:13     | Received a gift from Okawaru
 24807 | D:13     | Reached skill level 10 in Shields
 24930 | D:13     | Found a gate leading to a gauntlet.
 24936 | Gauntlet | Entered a Gauntlet
 24936 | Gauntlet | Found a transporter.
 24986 | Gauntlet | Found a transporter.
 24988 | Gauntlet | Found a transporter.
 24997 | Gauntlet | Found a transporter.
 24999 | Gauntlet | Found a transporter.
 25007 | Gauntlet | Found a transporter.
 25029 | Gauntlet | Found a transporter.
 25039 | Gauntlet | Found a transporter.
 25049 | Gauntlet | Found a transporter.
 25071 | Gauntlet | Found a transporter.
 25084 | Gauntlet | Found a transporter.
 25084 | Gauntlet | Found a transporter.
 25153 | Gauntlet | Found a transporter.
 25156 | Gauntlet | Found a transporter.
 25403 | Gauntlet | Got a shimmering cloak
 25409 | Gauntlet | Identified the +1 cloak "Ysakkido" {+Blink Regen+ Str+4
                  | Int-3} (You found it in a Gauntlet)
 25656 | D:13     | Found an opulent altar of Gozag.
 25830 | D:14     | Found an ornate altar of the Wu Jian Council.
 26101 | D:14     | Found a gate to the Vaults.
 26194 | D:14     | Reached skill level 19 in Unarmed Combat
 26499 | D:14     | Noticed Josephine
 26515 | D:14     | Killed Josephine
 26515 | D:14     | Received a gift from Okawaru
 26802 | Swamp:1  | Entered Level 1 of the Swamp
 26874 | Swamp:1  | Reached XP level 16. HP: 85/100 MP: 22/22
 27248 | Swamp:1  | Received a gift from Okawaru
 27759 | Swamp:2  | Noticed a thorn hunter
 27799 | Swamp:2  | Killed a thorn hunter
 27874 | Swamp:2  | Received a gift from Okawaru
 28468 | Swamp:2  | Got a heavily runed platinum amulet
 28479 | Swamp:2  | Identified the amulet "Xolor" {rPois rF+ Regen+ Stlth+}
                  | (You found it on level 2 of the Swamp)
 28796 | Swamp:3  | Noticed Bai Suzhen
 28835 | Swamp:2  | Killed Bai Suzhen
 28835 | Swamp:2  | Reached skill level 15 in Shields
 28948 | Swamp:3  | Received a gift from Okawaru
 28990 | Swamp:3  | Noticed Louise
 28999 | Swamp:3  | Cast into level 2 of the Abyss (Louise)
 29054 | Swamp:3  | Escaped the Abyss
 29066 | Swamp:3  | Found a basalt altar of Yredelemnul.
 29088 | Swamp:3  | Killed Louise
 29139 | Swamp:3  | Reached XP level 17. HP: 104/104 MP: 23/23
 29212 | Swamp:3  | Noticed Aizul
 29236 | Swamp:3  | Killed Aizul
 29251 | Swamp:3  | Noticed Nikola
 29278 | Swamp:3  | Killed Nikola
 29278 | Swamp:3  | Reached skill level 20 in Unarmed Combat
 29423 | Swamp:3  | Reached skill level 1 in Spellcasting
 29432 | Swamp:3  | Reached skill level 1 in Translocations
 29656 | Swamp:4  | Entered Level 4 of the Swamp
 30435 | Swamp:4  | Received a gift from Okawaru
 30817 | Swamp:4  | Noticed a tentacled monstrosity
 30829 | Swamp:4  | Killed a tentacled monstrosity
 30839 | Swamp:4  | Reached skill level 5 in Spellcasting
 30856 | Swamp:4  | Got a decaying rune of Zot
 31030 | Snake:1  | Reached skill level 5 in Translocations
 31180 | Snake:1  | Received a gift from Okawaru
 31180 | Snake:1  | Reached XP level 18. HP: 110/110 MP: 25/25
 32193 | Snake:2  | Noticed Vashnia
 32228 | Snake:2  | Killed Vashnia
 32265 | Snake:2  | Reached skill level 5 in Dodging
 32609 | Snake:3  | Learned a level 3 spell: Lesser Beckoning
 32611 | Snake:3  | Learned a level 1 spell: Animate Skeleton
 32641 | Snake:3  | Reached skill level 21 in Unarmed Combat
 32716 | Snake:3  | Noticed Mara
 32730 | Snake:3  | Noticed Froggeryz's illusion
 32741 | Snake:3  | Killed Mara
 32741 | Snake:3  | Received a gift from Okawaru
 32742 | Snake:3  | Got a brightly glowing cloak {god gift}
 32743 | Snake:3  | Identified the +0 cloak of Impermeability {rElec Dex+4}
                  | (Okawaru gifted it to you on level 3 of the Snake Pit)
 33237 | Snake:4  | Entered Level 4 of the Snake Pit
 33326 | Snake:4  | Identified the ring "Ulomn" {+Fly rN+}
 33386 | Snake:4  | Reached XP level 19. HP: 116/116 MP: 26/26
 33606 | Snake:4  | Received a gift from Okawaru
 33859 | Snake:4  | Got a serpentine rune of Zot
 34025 | Snake:4  | Identified Roxanne's Reference Book on Moulding
 34025 | Snake:4  | Noticed Roxanne
 34049 | Snake:4  | Killed Roxanne
 34699 | D:6      | Killed kalagan's ghost
 34981 | Lair:4   | Killed Odimp's ghost
 34987 | Lair:4   | Gained mutation: You are clumsy. (Dex -2) [a neqoxec]
 35192 | Vaults:1 | Entered Level 1 of the Vaults
 35428 | Vaults:1 | Received a gift from Okawaru
 35574 | Vaults:1 | Reached skill level 10 in Translocations
 35597 | Vaults:1 | Identified the Disquisition on Good Luck and Unholy Rites
 36101 | Vaults:1 | Reached XP level 20. HP: 124/124 MP: 27/27
 36257 | Vaults:1 | Received a gift from Okawaru
 36835 | Vaults:2 | Reached skill level 10 in Armour
 37035 | Vaults:1 | Received a gift from Okawaru
 37421 | Vaults:2 | Reached skill level 22 in Unarmed Combat
 37484 | Vaults:2 | You are sucked into a shaft and drop 2 floors!
 37727 | Vaults:4 | Found a portal to a secret trove of treasure.
 38671 | Vaults:4 | You paid a toll of a +5 demon trident to enter a treasure
                  | trove
 38672 | Trove    | Entered a treasure trove
 38703 | Trove    | Found the +4 skin of Zhor {Englaciate rC+++ SInv}
 38715 | Trove    | Got a warped buckler
 38717 | Trove    | Identified the +0 buckler of the Earth {Str+3 Int+3 Dex-2}
                  | (You found it in a treasure trove)
 38741 | Trove    | Got a shimmering pewter ring
 38743 | Trove    | Got a scintillating bone ring
 38746 | Trove    | Got a heavily runed garnet amulet
 38748 | Trove    | Identified the ring "Yddov" {rC+ Stlth+} (You found it in a
                  | treasure trove)
 38749 | Trove    | Identified the ring "Munnil" {*Tele rElec rPois MR-} (You
                  | found it in a treasure trove)
 38750 | Trove    | Identified the amulet "Beteggad" {Acrobat Slay+6} (You
                  | found it in a treasure trove)
 38810 | Vaults:4 | Received a gift from Okawaru
 39326 | Vaults:4 | Reached XP level 21. HP: 88/132 MP: 28/28
 40295 | Vaults:5 | Entered Level 5 of the Vaults
 40306 | Vaults:5 | Received a gift from Okawaru
 40306 | Vaults:5 | Reached skill level 15 in Fighting
 40382 | Vaults:4 | Received a gift from Okawaru
 40766 | Vaults:5 | Noticed an ancient lich
 40795 | Vaults:4 | Cast into level 5 of the Abyss (an ancient lich)
 40795 | Abyss:5  | Entered Level 5 of the Abyss
 40795 | Abyss:5  | Found a corrupted altar of Lugonu.
 40823 | Vaults:4 | Escaped the Abyss
 40834 | Vaults:4 | Killed an ancient lich
 40864 | Vaults:5 | Noticed Xtahua
 40875 | Vaults:5 | Reached XP level 22. HP: 100/141 MP: 23/29
 40898 | Vaults:5 | Found Kaloff's Jewellery Shop.
 40997 | Vaults:5 | Identified the +3 scythe of Obsession {flame, rN+ Int+3}
 41146 | Vaults:5 | Reached skill level 15 in Translocations
 41156 | Vaults:5 | Received a gift from Okawaru
 41460 | Vaults:4 | Received a gift from Okawaru
 41589 | Vaults:5 | Reached skill level 23 in Unarmed Combat
 41642 | Vaults:5 | Killed Xtahua
 41695 | Vaults:5 | Reached skill level 1 in Necromancy
 41930 | Vaults:5 | Received a gift from Okawaru
 42081 | Vaults:5 | Got a pair of steaming gloves
 42082 | Vaults:5 | Identified the +1 pair of gloves of Foolhardiness {+Fly
                  | Int+4} (You found it on level 5 of the Vaults)
 42127 | Vaults:5 | Bought an uncursed amulet of reflection for 390 gold pieces
 42450 | Vaults:5 | Got a silver rune of Zot
 43089 | Vaults:2 | Noticed Margery
 43104 | Vaults:2 | Killed Margery
 43721 | Vaults:3 | Found a staircase to the Crypt.
 44106 | Vaults:3 | Received a gift from Okawaru
 44177 | Vaults:3 | Reached XP level 23. HP: 148/148 MP: 30/30
 44239 | Vaults:3 | Noticed Asterion
 44260 | Vaults:3 | Killed Asterion
 44271 | Vaults:3 | Noticed Saint Roka
 44287 | Vaults:3 | Killed Saint Roka
 45042 | D:15     | Entered Level 15 of the Dungeon
 45053 | D:15     | Got an ancient chain mail
 45054 | D:15     | Identified the cursed +0 chain mail "Porghed" {SInv} (You
                  | found it on level 15 of the Dungeon)
 45277 | D:15     | Found Fobbots's Antique Armour Shop.
 45293 | D:15     | Found a runed translucent gate.
 45294 | D:15     | Found a runed translucent gate.
 45294 | D:15     | Noticed DungeonDestroyer's ghost (adept GnFi)
 45294 | D:15     | Noticed Lyniq's ghost (journeyman DrTm)
 45295 | D:15     | Found a runed translucent gate.
 45295 | D:15     | Found an ancient bone altar of Kikubaaqudgha.
 45295 | D:15     | Noticed Vijyl's ghost (adept HuBe)
 45323 | D:15     | Killed Vijyl's ghost
 45348 | D:15     | Killed DungeonDestroyer's ghost
 45348 | D:15     | Reached skill level 5 in Necromancy
 45357 | D:15     | Killed Lyniq's ghost
 45357 | D:15     | Received a gift from Okawaru
 45393 | D:15     | Got a warped helmet
 45395 | D:15     | Identified the +0 helmet "Zasutta" {rElec rPois Regen+
                  | Int+2} (You found it on level 15 of the Dungeon)
 45409 | D:15     | Got a brightly glowing copper ring
 45410 | D:15     | Identified the ring of Paocuun {Wiz rC+} (You found it on
                  | level 15 of the Dungeon)
 45601 | D:15     | Found a staircase to the Depths.
 45659 | D:15     | Found a blossoming altar of Fedhas.
 45936 | Depths:1 | Entered Level 1 of the Depths
 46118 | Depths:1 | Found a magical portal.
 46123 | WizLab   | Entered Wucad Mu's Monastery
 46415 | WizLab   | Found the +9 staff of Wucad Mu {channel}
 46471 | WizLab   | Reached XP level 24. HP: 156/156 MP: 24/30
 47102 | Depths:1 | Reached skill level 5 in Throwing
 47312 | Depths:1 | Found a gateway to Hell.
 47437 | Depths:1 | Found Oficsie's Island Escapes.
 47453 | Depths:1 | Bought a scroll of blinking for 135 gold pieces
 47453 | Depths:1 | Bought a scroll of blinking for 135 gold pieces
 47453 | Depths:1 | Bought a scroll of teleportation for 54 gold pieces
 47965 | Depths:2 | Paralysed by a floating eye for 2 turns
 48005 | Depths:2 | Received a gift from Okawaru
 48241 | Depths:2 | Found a corrupted altar of Lugonu.
 48323 | Depths:2 | Reached skill level 10 in Necromancy
 48533 | Depths:3 | Reached XP level 25. HP: 162/162 MP: 30/30
 48586 | Depths:3 | Noticed the Enchantress
 48771 | Depths:2 | Killed the Enchantress
 48884 | Depths:3 | Paralysed by a floating eye for 4 turns
 48947 | Depths:3 | Paralysed by a floating eye for 2 turns
 48982 | Depths:3 | Paralysed by a floating eye for 3 turns
 49047 | Depths:3 | Reached skill level 24 in Unarmed Combat
 49539 | Depths:3 | Found a one-way gate leading to the halls of Pandemonium.
 50013 | Depths:4 | Found Ekka's Weapon Shop.
 50018 | Depths:4 | Found a gateway to a ziggurat.
 50407 | Depths:4 | Received a gift from Okawaru
 50749 | Depths:4 | HP: 6/179 [deep troll earth mage/Lee's Rapid Deconstruction
                  | (31)]
 51157 | Depths:4 | Found Joukac's Gadget Boutique.
 51157 | Depths:4 | Found Kees's Jewellery Emporium.
 51158 | Depths:4 | Found Igoofy's Jewellery Emporium.
 51314 | Depths:5 | Entered Level 5 of the Depths
 51590 | Depths:5 | Reached XP level 26. HP: 172/172 MP: 30/30
 51841 | Depths:5 | Got a serpentine golden ring
 51891 | Depths:5 | Found a gate to the Realm of Zot.
 51986 | Depths:5 | Received a gift from Okawaru
 51993 | Depths:5 | Got a transparent eveningstar {god gift}
 51994 | Depths:5 | Identified the +8 eveningstar "Meffiazi" {vorpal, rElec rF+
                  | Str+3} (Okawaru gifted it to you on level 5 of the Depths)
 51995 | Depths:5 | Identified the cursed ring "Goaniv" {rElec AC-4 Int+4
                  | Slay+2} (You found it on level 5 of the Depths)
 52553 | Zot:1    | Entered Level 1 of the Realm of Zot
 53925 | Zot:1    | Reached skill level 25 in Unarmed Combat
 54011 | Zot:1    | Received a gift from Okawaru
 54407 | Zot:2    | Received a gift from Okawaru
 55351 | Zot:2    | Reached skill level 10 in Spellcasting
 55678 | Orc:2    | Bought 2 potions of might for 128 gold pieces
 55678 | Orc:2    | Bought a wand of digging (4) for 256 gold pieces
 55678 | Orc:2    | Bought a potion of berserk rage for 80 gold pieces
 55833 | D:8      | Bought a wand of digging (3) for 168 gold pieces
 56285 | Zot:3    | Reached XP level 27. HP: 180/180 MP: 33/37
 56831 | Zot:3    | Received a gift from Okawaru
 56855 | Zot:3    | Identified a +0 pair of boots of running (Okawaru gifted it
                  | to you on level 3 of the Realm of Zot)
 58173 | Zot:5    | Entered Level 5 of the Realm of Zot
 58425 | Zot:5    | Noticed an orb of fire
 58426 | Zot:5    | Noticed an orb of fire
 58442 | Zot:4    | Received a gift from Okawaru
 58483 | Zot:4    | Gained mutation: You are partially covered in slimy green
                  | scales. (AC +2) [an orb of fire]
 58493 | Zot:4    | Killed an orb of fire
 58503 | Zot:5    | Noticed an orb of fire
 58545 | Zot:4    | Killed an orb of fire
 58636 | Zot:5    | Killed an orb of fire
 58636 | Zot:5    | Reached skill level 26 in Unarmed Combat
 59391 | Zot:5    | Noticed an orb of fire
 59427 | Zot:5    | Killed an orb of fire
 59427 | Zot:5    | Received a gift from Okawaru
 59745 | Zot:5    | Noticed an ancient lich
 59773 | Zot:5    | Killed an ancient lich
 60057 | Zot:5    | Noticed an orb of fire
 60086 | Zot:5    | Killed an orb of fire
 60086 | Zot:5    | Received a gift from Okawaru
 60086 | Zot:5    | Reached skill level 15 in Spellcasting
 60788 | D:12     | Fell from the grace of Okawaru
 60788 | D:12     | Became a worshipper of Qazlal Stormbringer
 61079 | Elf:1    | Entered Level 1 of the Elven Halls
 61435 | Elf:1    | Found Saxu Toe's Antique Weapon Shoppe.
 62042 | Elf:2    | Reached * piety under Qazlal
 62075 | Elf:2    | Found a roughly hewn altar of Beogh.
 62187 | Elf:2    | Found a runed translucent gate.
 62187 | Elf:2    | Found a runed translucent gate.
 62187 | Elf:2    | Found a runed translucent gate.
 62191 | Elf:2    | Reached skill level 10 in Invocations
 62272 | Elf:2    | Reached ** piety under Qazlal
 62475 | Elf:2    | Found Ruteapp's Gadget Shop.
 62655 | Elf:2    | Reached skill level 27 in Unarmed Combat
 63071 | Elf:2    | Reached *** piety under Qazlal
 63343 | Elf:3    | Entered Level 3 of the Elven Halls
 63460 | Elf:3    | Reached skill level 15 in Armour
 63632 | Elf:3    | Reached **** piety under Qazlal
 63760 | Elf:3    | Identified the +4 battleaxe of Laceration {vorpal, rF- rC+
                  | Dex+4}
 63760 | Elf:3    | Identified the cursed ring "Umurhiq" {EV-4 Str+4 Dex+3}
 63845 | Elf:3    | Identified the +1 pair of gloves of Feasting {rN+} (You
                  | found it on level 3 of the Elven Halls)
 64113 | Elf:3    | Found Riumosego's Armour Shoppe.
 64649 | Depths:1 | Voluntarily entered the Abyss.
 64929 | Abyss:1  | Gained mutation: You are weak. (Str -2) [a neqoxec]
 65076 | Abyss:1  | Reached ***** piety under Qazlal
 65665 | Abyss:4  | Paralysed by accursed screaming for 1 turns
 65683 | Abyss:4  | Paralysed by accursed screaming for 1 turns
 66002 | Abyss:4  | Reached ****** piety under Qazlal
 66139 | Abyss:5  | Entered Level 5 of the Abyss
 66169 | Abyss:5  | Paralysed by accursed screaming for 2 turns
 66176 | Abyss:5  | Paralysed by accursed screaming for 2 turns
 66415 | Abyss:5  | Paralysed by accursed screaming for 1 turns
 66763 | Depths:1 | Escaped the Abyss
 66806 | Depths:1 | Voluntarily entered the Abyss.
 66882 | Abyss:1  | Found a corrupted altar of Lugonu.
 66908 | Abyss:1  | Noticed an ancient lich
 66911 | Depths:1 | Escaped the Abyss
 66985 | Depths:1 | Voluntarily entered the Abyss.
 66985 | Abyss:1  | Found a corrupted altar of Lugonu.
 68130 | Abyss:3  | Gained mutation: You are resistant to hostile enchantments.
                  | (MR+) [a neqoxec]
 68156 | Abyss:3  | Reached skill level 15 in Invocations
 68274 | Abyss:3  | Gained mutation: Scrolls take you a little longer to read.
                  | [a neqoxec]
 69473 | Abyss:3  | Paralysed by accursed screaming for 1 turns
 69662 | Abyss:3  | Lost mutation: You are resistant to hostile enchantments.
                  | (MR+) [a neqoxec]
 69764 | Abyss:3  | Gained mutation: You are very clumsy. (Dex -4) [a neqoxec]
 69921 | Abyss:3  | Was forgiven by Okawaru
 70107 | Abyss:3  | Gained mutation: You are very weak. (Str -4) [a neqoxec]
 70145 | Abyss:3  | Gained mutation: Your body often deteriorates upon taking
                  | damage. [a neqoxec]
 70426 | Abyss:3  | Got an abyssal rune of Zot
 70537 | Depths:1 | Escaped the Abyss
 70736 | D:8      | Bought the Catalogue of the Cloudy Entourage for 800 gold
                  | pieces
 70738 | D:8      | Learned a level 1 spell: Apportation
 70744 | D:8      | Learned a level 5 spell: Aura of Abjuration
 70925 | Hell     | Entered the Vestibule of Hell
 70925 | Hell     | Noticed Geryon
 70989 | Depths:1 | Reached skill level 1 in Summonings
 71371 | Hell     | Killed Geryon
 71503 | Hell     | Found a gateway to the decaying netherworld of Tartarus.
 71558 | Hell     | Found a gateway to the ashen valley of Gehenna.
 71680 | Hell     | Found a gateway to the Iron City of Dis.
 71723 | Hell     | Found a gateway to the freezing wastes of Cocytus.
 71835 | Dis:1    | Entered Level 1 of the Iron City of Dis
 71897 | Dis:1    | Cast into level 3 of the Abyss (reaper)
 71899 | Abyss:3  | Found a corrupted altar of Lugonu.
 72023 | Dis:1    | Escaped the Abyss
 72303 | Dis:2    | Reached skill level 5 in Summonings
 72492 | Dis:3    | You are sucked into a shaft and drop 1 floor!
 73093 | Dis:7    | Entered Level 7 of the Iron City of Dis
 73424 | Dis:7    | Gained mutation: Scrolls take you longer to read. [a
                  | cacodemon]
 74070 | Dis:7    | Gained mutation: You do not regenerate when monsters are
                  | visible. [a cacodemon]
 74524 | Dis:7    | Killed from afar by an ancient champion

Illustrated notes

Levels and vault maps discovered:
D:1:      lightli_arrival_flooded_house, layout_rooms
D:2:      cheibrodos_greedy_goblins, layout_basic
D:3:      layout_basic, minmay_misc_feat_columns
D:4:      layout_loops_ring, minmay_temple_entry_butterflies, first_ration,
          tgw_trog
D:5:      layout_basic, uniq_pikel
D:6:      layout_loops_ring, gammafunk_ghost_abyssal_escape, minmay_circle_x
D:7:      layout_loops_ring, basic_altar, minmay_misc_feat_x
D:8:      layout_basic, lemuel_round_altar, serial_shops, shop,
          nicolae_shop_crystal, shop, shop, hangedman_little_slice_of_home,
          tso_metal_star, uniq_gastronok, uniq_erica
D:9:      layout_rooms, gammafunk_temple_overflow_forgotten
D:10:     layout_irregular_city, erik_lair_island, serial_column_ruins,
          column_ruins_hut_water, column_ruins_corridor_dead_end,
          column_ruins_open_small, column_ruins_columns_straight,
          column_ruins_grid_1
D:11:     layout_grid_maze, portal_ice_cave_entry_imps, corner_web_ring,
          minmay_pinched_square, uniq_urug, uniq_nergalle
D:12:     layout_irregular_city, orc_0_dummy, grunt_qazlal_clouds
D:13:     layout_basic, gauntlet_entry_generic, grunt_gozag_statues
D:14:     layout_loops_cross, lightli_vaults_fourway_checkpoint, basic_altar,
          kennysheep_another_room, uniq_josephine
D:15:     grunt_enter_depths_snipers, layout_small_grid, gammafunk_ghost_crypt,
          fedhas_altar_2, serial_shops, shop
Temple:   dpeg_five_rooms_temple
Lair:1:   layout_gridlike
Lair:2:   layout_roguey, minmay_snake_entry_six_corridors
Lair:3:   layout_roguey, nicolae_swamp_entry_splash_gauntlet
Lair:4:   layout_misc_corridors, basic_altar, gammafunk_ghost_abyssal_escape
Lair:5:   layout_regular_city, minmay_slime_entry_eyes, st_stairs_8,
          grunt_megastairs_2, infiniplex_staircase_pool, lemuel_fruit_fields
Lair:6:   grunt_lair_end_beastmaster, layout_concentric_octagons, basic_altar,
          mumra_transporter_accident, grunt_megastairs_5
Swamp:1:  layout_basic_swamp, evilmike_swamp_ruin_rubble_1, swamp_pool5
Swamp:2:  cheibrodos_swamp_mausoleum, layout_falls_marsh,
          hangedman_swamp_ruin_wall, swamp_pool5, nicolae_swamp_fairy_circle
Swamp:3:  layout_basic_swamp, basic_altar, infiniplex_staircase_pool_2,
          uniq_nikola, uniq_louise, uniq_bai_suzhen, uniq_aizul
Swamp:4:  swamp_vile, layout_basic_swamp, swamp_pool3
Snake:1:  layout_gridlike
Snake:2:  layout_cave_shapes, serial_bayou_pond_e, uniq_vashnia
Snake:3:  layout_misc_corridors, drop_trap, serial_bayou_shore_b, uniq_mara
Snake:4:  minmay_snake_end_coiled, layout_cave_town, uniq_roxanne
Orc:1:    layout_diamond_mine
Orc:2:    grunt_orc_gardens, layout_diamond_mine, grunt_orc_garden,
          grunt_orc_garden, grunt_orc_garden, grunt_orc_garden, basic_altar
Elf:1:    layout_loops_ring, serial_shops, shop_statue, hangedman_elf_disciples
Elf:2:    layout_geoelf_diagonals, special_room [special_room_orc],
          serial_shops, shop
Elf:3:    minmay_elf_hall_furrowed, layout_geoelf_octagon, serial_shops,
          nicolae_shop_crystal
Vaults:1: ontoclasm_vaults_ligature, hangedman_vaults_variations, v_misc_14,
          nicolae_vaults_triangles, st_spiral_rooms, v_misc_32,
          grunt_vaults_twisty, nicolae_vaults_windows_and_doors_thing,
          v_misc_10, ontoclasm_vaults_shuriken, v_misc_24, v_misc_25,
          layout_vaults_omnibox
Vaults:2: ontoclasm_vaults_loading_screen, ontoclasm_vaults_bender,
          hangedman_vaults_snaps, nicolae_vaults_little_squares_5,
          hangedman_vaults_restitches, vaults_room_pools,
          layout_vaults_chaotic_city, uniq_margery
Vaults:3: minmay_crypt_entry_simple_plaza, nicolae_vaults_angled_halls,
          ontoclasm_vaults_misaligned, v_misc_31, nicolae_vaults_alarming,
          vaults_mumra_minichess, v_misc_15, v_pattern_4,
          nicolae_vaults_what_the_h, nicolae_vaults_network_square,
          nicolae_vaults_diagonal_hallway_7, vaults_dpeg_encased_lava,
          vaults_room_stairs_pillars, nicolae_vaults_little_squares_2,
          layout_vaults_omnicross, uniq_asterion, uniq_saint_roka
Vaults:4: dpeg_vaults_monster_row, v_rooms_1, hangedman_vaults_slice,
          ontoclasm_vaults_eye, nicolae_vaults_network_s, v_misc_26,
          vaults_dpeg_ring, vaults_room_glass_cross, layout_vaults_ring,
          nicolae_trove_entry_path_of_doom
Vaults:5: uniq_xtahua
Depths:1: layout_cave_pools, minivault_11, mu_enter_wizlab_2,
          grunt_hell_entry_dis_grunt, abyss_entry, nicolae_island_escapes
Depths:2: minmay_bad_star, layout_cave_shapes, hell_entry,
          abyss_entry_flame_altar, skrybe_limestone_x
Depths:3: kennysheep_blocky_room, layout_basic, grunt_pan_entry_spiral,
          serial_bayou_pond_d, pf_coc_iceberg, hangedman_decor_opposing,
          minmay_staircase_bubble, uniq_enchantress
Depths:4: minmay_box_of_statues, layout_gridlike, enter_ziggurat_d,
          abyss_entry_crystal, rand_demon_pan_entry_8, serial_shops,
          nicolae_shop_stone, hell_entry, minmay_staircase_statues_hall_small,
          minmay_shop_grove
Depths:5: grunt_zot_entry_tricorne, layout_long_grid, serial_bayou_pond_e,
          pf_vacation_house_of_asmodeus
Hell
Dis:1:    grunt_deathspiral_small, layout_chaotic_city
Dis:2:    layout_chaotic_city, grunt_megastairs_3
Dis:3:    layout_jigsaw
Dis:4:    layout_jigsaw
Dis:5:    layout_subdivisions
Dis:6:    layout_chaotic_city
Dis:7:    dis_st
Zot:1:    gammafunk_mikee_crab_dinner, layout_cathedral_of_symmetry
Zot:2:    lemuel_draconian_sentries, layout_gridlike
Zot:3:    layout_basic, hangedman_swamp_dais
Zot:4:    layout_misc_corridors
Zot:5:    layout_cathedral_of_symmetry

Skill      XL: |  1  2  3  4  5  6  7  8  9 10 11 12 13 14 15 16 17 18 19 20 21 22 23 24 25 26 27 |
---------------+----------------------------------------------------------------------------------+-----
Unarmed Combat | 4 5 6 7 8 10 11 13 15 16 17 18 19 20 21 22 23 24 25 27 | 27.0
Armour         | 1 2 4 5 6 9 11 13 14 15 | 15.3
Shields        | 3 5 7 8 12 15 16 26 | 26.4
Fighting       | 6 8 10 11 13 14 15 16 17 19 20 26 | 26.3
Invocations    | 9 17 | 17.0
Evocations     | 2 7 |  7.0
Spellcasting   | 5 10 15 | 15.1
Translocations | 5 8 10 12 14 15 | 15.2
Dodging        | 3 5 |  5.3
Necromancy     | 3 8 10 12 | 12.9
Throwing       | 2 4 6 8 |  8.1
Summonings     | 9 |  9.0

Action                   |  1- 3 |  4- 6 |  7- 9 | 10-12 | 13-15 | 16-18 | 19-21 | 22-24 | 25-27 || total
-------------------------+-------+-------+-------+-------+-------+-------+-------+-------+-------++-------
Melee: Unarmed           |    52 |   290 |   354 |   680 |  1664 |  1970 |  1922 |  1675 |  7884 || 16491
       Punch             |       |     7 |    15 |       |       |       |       |       |       ||    22
Throw: Throwing net      |       |     1 |     2 |     2 |       |       |       |       |       ||     5
 Cast: Lesser Beckoning  |       |       |       |       |       |       |     3 |    12 |   116 ||   131
       Blink             |       |       |       |       |       |       |       |     4 |     9 ||    13
Invok: Heroism           |       |       |       |     2 |     1 |     1 |       |       |       ||     4
       Finesse           |       |       |       |       |     1 |     2 |     3 |     1 |     6 ||    13
       Disaster Area     |       |       |       |       |       |       |       |       |     8 ||     8
       Upheaval          |       |       |       |       |       |       |       |       |     1 ||     1
 Abil: Fly               |       |       |       |       |     1 |       |       |     2 |     1 ||     4
       Stop Flying       |       |       |       |       |       |       |     1 |     2 |     1 ||     4
Evoke: Wand              |       |       |       |    10 |       |     2 |     5 |       |    15 ||    32
  Use: Scroll            |     2 |     6 |       |       |    20 |     3 |    15 |    14 |    20 ||    80
       Potion            |     1 |       |     3 |     4 |     4 |       |     1 |     1 |    16 ||    30
 Stab: Confused          |       |       |       |       |       |     2 |       |       |       ||     2
       Paralysed         |       |       |       |       |       |       |       |       |     1 ||     1
       Distracted        |       |       |       |       |       |       |       |       |     1 ||     1
  Eat: Chunk             |       |    12 |    12 |    22 |    29 |    21 |    17 |    20 |    29 ||   162
       Ration            |       |       |       |     1 |     2 |     1 |     3 |     2 |    19 ||    28
Armor: Leather armour    |    12 |    43 |       |       |       |       |       |       |       ||    55
       Ring mail         |       |    59 |       |       |       |       |       |       |       ||    59
       Scale mail        |       |     7 |   178 |   269 |   181 |       |       |       |       ||   635
       Plate armour      |       |       |       |       |   971 |  1263 |  1082 |  1220 |  3585 ||  8121
       Skin              |       |       |       |       |       |       |       |       |     2 ||     2
Dodge: Dodged            |    23 |   150 |   163 |   297 |   562 |   465 |   491 |   491 |  1333 ||  3975
       Repelled          |       |       |       |       |       |       |       |       |    53 ||    53
Block: Buckler           |       |       |    10 |   133 |   444 |   267 |       |       |       ||   854
       Kite shield       |       |       |       |       |       |   708 |  1288 |  1132 |  5225 ||  8353
